 Dungeon Crawl Stone Soup version 0.19.1-1-g22dce08 (webtiles) character file.

187 dalore the Cudgeler (level 5, -1/47 HPs)
             Began as a Minotaur Berserker on Jan 2, 2017.
             Was a Believer of Trog.
             Killed from afar by an orc wizard (4 damage)
             ... with a magic dart
             ... on level 3 of the Dungeon on Jan 3, 2017.
             The game lasted 00:13:57 (1919 turns).

dalore the Cudgeler (Minotaur Berserker)            Turns: 1919, Time: 00:13:58

Health: -1/47      AC: 11    Str: 21    XL:     5   Next: 39%
Magic:  4/4        EV:  9    Int:  4    God:    Trog [**....]
Gold:   110        SH:  0    Dex: 11    Spells: 0 memorised, 4 levels left

rFire  . . .     SeeInvis .     a - +0 mace
rCold  . . .     Gourm    .     m - +0 chain mail
rNeg   . . .     Faith    .     (no shield)
rPois  .         Spirit   .     k - +2 hat
rElec  .         Reflect  .     (no cloak)
rCorr  .         Harm     .     (no gloves)
MR     .....                    (no boots)
Stlth  ..........               s - amulet of magic regeneration
                                (no ring)
                                (no ring)

@: no status effects
A: retaliatory headbutt, horns 2
a: Berserk, Trog's Hand, Burn Spellbooks, Renounce Religion


You were on level 3 of the Dungeon.
You worshipped Trog.
Trog was pleased with you.
You were very hungry.

You visited 1 branch of the dungeon, and saw 4 of its levels.

You collected 110 gold pieces.

Inventory:

Hand Weapons
 a - a +0 mace (weapon)
Armour
 k - a +2 hat (worn)
   (You found it on level 2 of the Dungeon)
 m - a +0 chain mail (worn)
   (You found it on level 3 of the Dungeon)
Jewellery
 s - an amulet of magic regeneration (around neck)
   (You found it on level 2 of the Dungeon)
Scrolls
 b - a scroll of fear {unknown}
 f - 4 scrolls of identify
 h - 2 scrolls of remove curse {unknown}
 l - a scroll of immolation {unknown}
 n - 2 scrolls of teleportation {unknown}
 r - 2 scrolls of blinking {unknown}
Potions
 e - 2 potions of agility
 i - a potion of degeneration {unknown}
 p - a potion of curing {unknown}
 q - a potion of lignification {unknown}
Comestibles
 c - a bread ration {@e1}
 d - a slice of pizza
 o - a beef jerky


   Skills:
 + Level 4.4 Fighting
 + Level 5.2 Maces & Flails
 + Level 4.0 Armour
 + Level 3.4 Dodging
 + Level 0.1 Stealth


You had 4 spell levels left.
You didn't know any spells.

Dungeon Overview and Level Annotations

Branches:
Dungeon (4/15)
 Temple: D:4-7

Altars:

Annotations:
D:4 buskinjo's ghost, novice OpTm


Innate Abilities, Weirdness & Mutations

You reflexively headbutt those who attack you in melee.
You have a pair of horns on your head.


Message History

You hit the orc but do no damage. You headbutt the orc.
The orc completely misses you. The orc hits you with a whip.
An orc comes into view. It is wielding a hand axe.
You take 1 damage, and have 40/47 hp.
You closely miss the orc.
The orc shouts!
The orc completely misses you. The orc barely misses you.
You hit the orc. The orc closely misses you.
The orc hits you but does no damage.
An orc wizard comes into view. It is wielding a dagger.
The orc wizard shouts!
You thump the orc!
You kill the orc!
Trog accepts your kill.
The orc priest mumbles some strange prayers to Beogh against you.
Beogh smites you!
You take 12 damage, and have 29/47 hp.
MASSIVE DAMAGE!!
You fail to use your ability.
An orc comes into view. It is wielding a falchion.
You closely miss the orc.
The orc shouts!
The orc barely misses you.
The orc priest calls down the wrath of Beogh upon you.
Beogh smites you! The orc hits you but does no damage.
You hear a shout!
You take 8 damage, and have 21/47 hp.
You sock the orc!
You kill the orc!
Trog accepts your kill.
The orc priest invokes the aid of Beogh against you.
You barely resist. You closely miss the orc. The orc barely misses you.
The orc hits you but does no damage.
You sock the orc!
You kill the orc!
Trog accepts your kill.
The orc priest hits you but does no damage.
An orc comes into view. It is wielding a mace.
Your chain mail prevents you from hitting the orc priest.
Your headbutt misses the orc priest. The orc priest barely misses you.
The orc priest casts a cantrip, but nothing happens.
You hit the orc priest. Your headbutt misses the orc priest.
The orc priest barely misses you.
The orc wizard mumbles some strange words.
The orc wizard flickers and vanishes!
Deactivating autopickup; reactivate with Ctrl-A.
You hit the orc priest but do no damage.
You feel yourself speed up.
The orc priest hits you but does no damage.
You hit the orc priest.
The orc priest hits you but does no damage.
You barely miss the orc priest. Your headbutt misses the orc priest.
The orc priest closely misses you.
You hit the orc priest.
The orc priest invokes the aid of Beogh against you.
Beogh smites you!
* * * LOW HITPOINT WARNING * * *
You take 13 damage, and have 11/47 hp.
MASSIVE DAMAGE!!
You barely miss the orc priest.
You headbutt the orc priest, but do no damage.
The orc priest completely misses you.
You closely miss the orc priest.
You headbutt the orc priest, but do no damage.
The orc priest mumbles some strange prayers to Beogh against you.
Pain shoots through your body!
* * * LOW HITPOINT WARNING * * *
You take 1 damage, and have 10/47 hp.
You closely miss the orc priest. Your headbutt misses the orc priest.
The orc priest invokes the aid of Beogh against you.
Pain shoots through your body!
* * * LOW HITPOINT WARNING * * *
The orc priest barely misses you. You furiously retaliate!
You headbutt the orc priest!
You kill the orc priest!
Trog accepts your kill.
Your Armour skill increases to level 4!
You take 5 damage, and have 5/47 hp.
There is a stone staircase leading down here.
You feel less exhausted.
You climb downwards.
Level annotation: buskinjo's ghost, novice OpTm The jackal bites you but does no damage.
The leopard gecko bites you but does no damage.
Buskinjo's ghost hits you but does no damage.
The leopard gecko bites you.
* * * LOW HITPOINT WARNING * * *
There is a stone staircase leading up here.
You take 3 damage, and have 3/47 hp.
The jackal barks!
The jackal closely misses you. The jackal bites you.
* * * LOW HITPOINT WARNING * * *
Buskinjo's ghost barely misses you. The leopard gecko closely misses you.
The jackal bites you but does no damage.
You climb upwards.
Something hits you but does no damage.
You hear some strange, mumbled words.
A magic dart appears from out of thin air!
The magic dart hits you!
You die...

##..........##....
#............#'####....
#.............).(.'.(..
#......####..#.####...)
#......# #..#.# #####
#......# #..#.#
#......# #..#.#
##....l.####..#.###
......h@..........#
#######h####..#.#..#
#o####..#.# # #o.)o#..#
# ####.#..# #.#..#
#o#..# #.#..# #)#


You could see 2 orcs, a leopard gecko and 2 jackals.

Vanquished Creatures
  A howler monkey (D:3)
  2 orc priests (D:3)
  Jessica (D:2)
  An adder (D:2)
  An ooze (D:1)
  A leopard gecko (D:1)
  4 orcs (D:3)
  11 bats
  4 giant cockroaches
  4 hobgoblins
  3 jackals (D:1)
  2 quokkas
  2 ball pythons
  2 frilled lizards (D:2)
  3 goblins
  4 kobolds
  3 rats
49 creatures vanquished.

Notes
Turn   | Place    | Note
-------+----------+-------------------------------------------
     0 | D:1      | dalore the Minotaur Berserker began the quest for the Orb.
     0 | D:1      | Reached XP level 1. HP: 19/19 MP: 0/0
     7 | D:1      | Noticed a hog
     7 | D:1      | Noticed a rime drake
     9 | D:1      | Noticed a black mamba
   121 | D:1      | Reached XP level 2. HP: 27/27 MP: 1/1
   403 | D:1      | Reached skill level 4 in Maces & Flails
   569 | D:1      | Reached skill level 4 in Fighting
   829 | D:1      | Reached XP level 3. HP: 33/33 MP: 2/2
  1022 | D:2      | Found a faded altar of an unknown god.
  1503 | D:2      | Noticed Jessica
  1510 | D:2      | Reached skill level 3 in Armour
  1512 | D:2      | Killed Jessica
  1512 | D:2      | Reached skill level 3 in Dodging
  1512 | D:2      | Reached XP level 4. HP: 40/40 MP: 3/3
  1712 | D:3      | Reached ** piety under Trog
  1864 | D:4      | Noticed buskinjo's ghost (novice OpTm)
  1881 | D:3      | Reached skill level 5 in Maces & Flails
  1881 | D:3      | Reached XP level 5. HP: 47/47 MP: 4/4
  1909 | D:3      | HP: 11/47 [orc priest/divine providence (13)]
  1912 | D:3      | HP: 5/47 [orc priest/nerve-wracking pain (5)]
  1912 | D:3      | Reached skill level 4 in Armour
  1917 | D:4      | HP: 3/47 [leopard gecko (3)]
  1919 | D:3      | Killed from afar by an orc wizard

Skill      XL: |  1  2  3  4  5 |
---------------+----------------+-----
Maces & Flails | 4 5 |  5.2
Fighting       | 4 |  4.4
Armour         | 3 4 |  4.0
Dodging        | 3 |  3.4
Stealth        | |  0.1

Action                   |  1- 3 |  4- 6 || total
-------------------------+-------+-------++-------
Melee: Mace              |    69 |    44 ||   113
       Headbutt          |     7 |     7 ||    14
Invok: Berserk           |     6 |     2 ||     8
       Trog's Hand       |       |     1 ||     1
  Use: Scroll            |       |     1 ||     1
       Potion            |       |     1 ||     1
  Eat: Chunk             |     7 |     3 ||    10
Armor: Animal skin       |     2 |       ||     2
       Ring mail         |    27 |       ||    27
       Chain mail        |     6 |    15 ||    21
       Scale mail        |     2 |       ||     2
Dodge: Dodged            |    63 |    30 ||    93

Vault maps used:
D:1:      onia_arrival_zoo_common
D:2:      ecumenical_altar_1, kennysheep_jessica_study
D:3:      first_bread, kennysheep_orc_chapel
D:4:      grunt_temple_overflow_bloody_war, uniq_purgy, uniq_crazy_yiuf_cottage,
          uniq_eustachio

Table legend:
 A = Turns spent in this place as a percentage of turns spent in the entire game.
 B = Non-inter-level travel turns spent in this place as a percentage of non-inter-level travel turns spent in the entire game.
 C = Inter-level travel turns spent in this place as a percentage of turns spent in this place.
 D = Turns resting spent in this place as a percentage of non-inter-level travel turns spent in this place.
 E = Turns spent auto-exploring this place as a percentage of non-inter-level travel turns spent in this place.
 F = Non-inter-level travel turns spent in this place divided by the number of levels of this place that you've seen.
                   A       B       C       D       E      F
               +-------+-------+-------+-------+-------+----------------------
         Total | 100.0 | 100.0 |   2.5 |  11.5 |  10.0 | 117.0
       Dungeon | 100.0 | 100.0 |   2.5 |  11.5 |  10.0 | 117.0
               +-------+-------+-------+-------+-------+----------------------

Table legend:
 A = Kills in this place as a percentage of kills in entire the game.
 B = Kills by you in this place as a percentage of kills by you in the entire game.
 C = Kills by friends in this place as a percentage of kills by friends in the entire game.
 D = Other kills in this place as a percentage of other kills in the entire game.
 E = Experience gained in this place as a percentage of experience gained in the entire game.
 F = Experience gained in this place divided by the number of levels of this place that you have seen.
                   A       B       C       D       E      F
               +-------+-------+-------+-------+-------+----------------------
         Total | 100.0 | 100.0 |  -nan |  -nan | 100.0 |  67.0
       Dungeon | 100.0 | 100.0 |  -nan |  -nan | 100.0 |  67.0
               +-------+-------+-------+-------+-------+----------------------
